 Dungeon Crawl Stone Soup version 0.18-a0-844-g9229740 (webtiles) character file.

5490 M4edhros the Covert (level 10, -1/46 HPs)
             Began as an Octopode Artificer on Dec 18, 2015.
             Was a High Priest of Fedhas.
             Killed by the capriciousness of Xom (15 damage)
             ... on level 9 of the Dungeon.
             The game lasted 00:23:27 (11123 turns).

M4edhros the Covert (Octopode Artificer)           Turns: 11123, Time: 00:23:31

Health: -1/46      AC:  3    Str: 17      XL:     10   Next: 69%
Magic:  15/15      EV: 17    Int: 18      God:    Fedhas [*****.]
Gold:   77         SH:  4    Dex: 10 (11) Spells: 0 memorised, 9 levels left

rFire  + . .     SeeInvis .     C - +2 whip (elec)
rCold  . . .     Gourm    .     a - +1 buckler of Veujyll {*Contam rN+++ Str+7}
rNeg   + + +     Faith    .     (helmet restricted)
rPois  .         Spirit   .     (no amulet)
rElec  .         Dismiss  .     l - +2 ring of evasion
rCorr  .         Reflect  .     I - ring of wizardry
SustAt .         Harm     .     (no ring)
MR     .....     Clarity  +     (no ring)
Stlth  ++++++....               (no ring)
                                (no ring)
                                (no ring)
                                (no ring)

@: not resistant to hostile enchantments, very stealthy
A: almost no armour, amphibious, 8 rings, constrict 8, tentacle spike 1, thin
metallic scales 1, camouflage 1, clarity, clumsy 1, deterioration 1, fire
resistance 1, frail 2, gelatinous body 1, evolution 1
a: Evolution, Sunlight, Growth, Reproduction, Rain, Renounce Religion


You were on level 9 of the Dungeon.
You worshipped Fedhas.
Fedhas was extremely pleased with you.
You were hungry.

You visited 2 branches of the dungeon, and saw 10 of its levels.
You also visited: Sewer and Ossuary.

You collected 343 gold pieces.
You spent 266 gold pieces at shops.

Inventory:

Hand Weapons
 n - a +0 hunting sling
 z - a +0 dagger of venom
 C - a +2 whip of electrocution (weapon)
 G - a cursed -1 blowgun
Missiles
 o - 143 stones (quivered)
 E - 52 sling bullets
 H - 41 poisoned needles
Armour
 a - the +1 buckler of Veujyll (worn) {*Contam rN+++ Str+7}
   (You bought it in a shop on level 9 of the Dungeon)

   It affects your strength (+7).
   It renders you almost immune to negative energy.
   It causes magical contamination when unequipped.
Jewellery
 l - a +2 ring of evasion (left tentacle)
 I - a ring of wizardry (right tentacle)
Wands
 c - a wand of enslavement (6)
 M - a wand of fire (12)
Scrolls
 b - a scroll of fear {unknown}
 h - 2 scrolls of identify
 i - 4 scrolls of remove curse {unknown}
 k - 2 scrolls of recharging {unknown}
 m - a scroll of magic mapping
 s - 3 scrolls of teleportation {unknown}
 t - 7 scrolls of immolation
 v - 2 scrolls of fog {unknown}
 y - 2 scrolls of noise {unknown}
 F - 3 scrolls of enchant armour
 J - a scroll of enchant weapon {unknown}
 K - 2 scrolls of blinking {unknown}
Potions
 d - a potion of beneficial mutation {unknown}
 e - 2 potions of cancellation {unknown}
 p - 4 potions of brilliance
 u - 3 potions of heal wounds
 x - 2 potions of agility
 A - 4 potions of curing
 B - 2 potions of might
 D - 5 potions of flight {unknown}
Books
 r - a book of Hinderance

   Spells                             Type                      Level
   a - Confusing Touch                Hexes                        2
   b - Confuse                        Hexes                        3
   c - Gell's Gravitas                Hexes/Translocation          3
   d - Petrify                        Transmutation/Earth          4
   e - Metabolic Englaciation         Hexes/Ice                    5
   f - Yara's Violent Unravelling     Hexes/Transmutation          5
Comestibles
 f - a royal jelly
 g - a fruit
 q - a beef jerky
 w - a meat ration


   Skills:
 - Level 1.0 Fighting
 - Level 1.0 Short Blades
 * Level 4.6 Slings
 * Level 8.9 Dodging
 * Level 11.8 Stealth
 * Level 0.6 Shields
 + Level 0.3 Spellcasting
 + Level 6.1 Invocations
 + Level 7.7 Evocations


You had 9 spell levels left.
You didn't know any spells.

Dungeon Overview and Level Annotations

Branches:
Dungeon (9/15)             Temple (1/1) D:4             Orc (0/2) D:9
   Lair: D:8-11

Altars:
Ashenzari
Cheibriados
Dithmenos
Elyvilon
Fedhas
Kikubaaqudgha
Makhleb
Nemelex Xobeh
Okawaru
Pakellas
Qazlal
Ru
Sif Muna
Trog
Vehumet
Xom
Yredelemnul
The Shining One

Shops:
D:9 [


Innate Abilities, Weirdness & Mutations

You cannot wear most types of armour.
You are amphibious.
You can wear up to eight rings at the same time.
You can use your tentacles to constrict eight enemies at once.
Your skin changes colour to match your surroundings (Stealth).
Your rubbery body absorbs attacks (AC +1).
One of your tentacles bears a spike.
You are partially covered in thin metallic scales (AC +2).
You possess an exceptional clarity of mind.
You are clumsy. (Dex -2)
Your body sometimes deteriorates upon taking damage.
Your flesh is heat resistant.
You are very frail (-20% HP).
You evolve.


Message History

You pierce the kobold, but do no damage.
The kobold is heavily wounded.
You constrict the kobold. The kobold hits you with a short sword.
* * * LOW HITPOINT WARNING * * *
You barely miss the kobold.
Your tentacle spike misses the kobold.
The kobold is severely wounded.
You constrict the kobold.
You kill the kobold!
You offer a prayer to Fedhas.
A toadstool grows from a nearby corpse.
Fedhas appreciates your contribution to the ecosystem.
Fedhas is extremely pleased with you.
You swap places.
You start resting.
A nearby toadstool withers and dies.
Xom's power touches on you for a moment.
Rocks fall onto you out of nowhere!
You die...
Xom bursts into laughter!
Fedhas appreciates your contribution to the ecosystem.

........ff....)..# ..
>.....8[ff###....# .
........f........#.#
.......#....∩........
.......#.############
8......#.# ##.
...#####(#
.....#####f..####.
#.).f@ff......#
......).).f........
.#..#.............#
... ######...####.. .
.....# # .#....#
#....# .....#


You could see 5 friendly wandering mushrooms.

Vanquished Creatures
  A two-headed ogre (D:8)
  A hippogriff (D:7)
  5 yaks (D:9)
  A wyvern (D:8)
  A hungry ghost (D:9)
  A water moccasin (D:5)
  Duvessa (D:5)
  A porcupine (D:5)
  2 orc warriors
  A sky beast (D:6)
  An ice beast (D:6)
  2 centaurs
  2 ogres (D:4)
  Blork the orc (D:5)
  2 big kobolds
  11 elf skeletons
  A scorpion (D:6)
  3 crimson imps
  2 hounds
  2 orc priests (D:5)
  3 centaur skeletons (Ossuary)
  3 iguanas
  A giant frog skeleton (D:5)
  4 human skeletons
  10 orc wizards
  A worker ant (D:9)
  An ogre skeleton (D:9)
  A hound skeleton (D:5)
  3 mummies (Ossuary)
  4 gnolls (D:4)
  5 river rats (Sewer)
  13 adders
  A shadow imp (D:7)
  4 oozes
  3 worms
  11 giant geckos
  29 orcs
  5 ball pythons
  5 giant cockroaches (D:5)
  8 goblins
  7 hobgoblins
  18 jackals
  22 kobolds
  A quokka (D:4)
  11 bats
  4 giant newts
  3 goblin skeletons (D:9)
  A jackal skeleton (D:7)
  4 orc skeletons (D:9)
  An orc zombie (D:9)
  3 quokka skeletons
  18 rats
250 creatures vanquished.

Vanquished Creatures (collateral kills)
  Joseph (D:7)
  Eustachio (D:5)
  A hungry ghost (D:7)
  A yak (D:9)
  2 orc warriors
  2 phantoms
  2 ogres
  A giant frog (D:5)
  Dowan (D:5)
  A wyvern skeleton (D:9)
  A scorpion (D:8)
  A water moccasin skeleton (D:6)
  A troll skeleton (D:9)
  A giant frog skeleton (D:7)
  3 orc wizards
  An iguana (D:7)
  3 ogre skeletons (D:9)
  An adder (Sewer)
  2 river rats (Sewer)
  A shadow imp (D:6)
  8 orcs
  2 kobolds (Sewer)
  A ball python (Sewer)
  3 goblin skeletons (D:9)
  A hobgoblin skeleton (D:9)
  A hobgoblin zombie (D:9)
  8 orc skeletons (D:9)
  2 orc zombies (D:9)
  5 rats (Sewer)
59 creatures vanquished.

Vanquished Creatures (others)
  A killer bee zombie (D:6)
  3 worker ant zombies
  A river rat (Sewer)
  3 wandering mushrooms
  172 toadstools
180 creatures vanquished.

Grand Total: 489 creatures vanquished

Notes
Turn   | Place    | Note
--------------------------------------------------------------
     0 | D:1      | M4edhros the Octopode Artificer began the quest for the Orb.
     0 | D:1      | Reached XP level 1. HP: 13/13 MP: 3/3
   130 | D:1      | Reached XP level 2. HP: 15/18 MP: 4/4
   521 | D:1      | Reached XP level 3. HP: 19/23 MP: 5/5
  1309 | D:4      | Reached XP level 4. HP: 28/28 MP: 6/6
  1321 | D:4      | Noticed an ogre
  1566 | D:4      | Reached skill level 4 in Evocations
  1622 | D:3      | Reached XP level 5. HP: 33/33 MP: 8/8
  1757 | D:4      | Killed an ogre
  1774 | D:4      | Reached XP level 6. HP: 35/38 MP: 9/9
  1952 | D:4      | Found a blossoming altar of Fedhas.
  2023 | D:4      | Became a worshipper of Fedhas Madash
  2940 | D:2      | Reached skill level 5 in Stealth
  3450 | D:3      | Reached * piety under Fedhas
  3650 | D:4      | Found a staircase to the Ecumenical Temple.
  3683 | D:4      | Reached XP level 7. HP: 43/43 MP: 10/10
  3761 | Temple   | Entered the Ecumenical Temple
  3779 | Temple   | Fell from the grace of Fedhas
  3779 | Temple   | Became a worshipper of Xom of Many Doors
  3783 | Temple   | Fell from the grace of Xom
  3783 | Temple   | Became a worshipper of Fedhas Madash
  3838 | D:5      | Entered Level 5 of the Dungeon
  3854 | D:5      | Reached skill level 5 in Dodging
  3854 | D:5      | Reached skill level 1 in Invocations
  3950 | D:5      | Found a glowing drain.
  4026 | D:5      | XOM: mild Trmt miscast
  4028 | Sewer    | Entered a sewer
  4195 | Sewer    | XOM: 5-stop teleportation journey
  4270 | Sewer    | Reached skill level 5 in Evocations
  4498 | Sewer    | Reached skill level 6 in Stealth
  4514 | Sewer    | XOM: enchant monster (bad)
  5261 | D:5      | Noticed Duvessa
  5266 | D:5      | Noticed Dowan
  5276 | D:5      | Killed Duvessa
  5382 | D:5      | Reached skill level 7 in Stealth
  5382 | D:5      | Reached XP level 8. HP: 32/48 MP: 10/12
  5385 | D:5      | Noticed Eustachio
  5406 | D:5      | Killed Eustachio
  5439 | D:5      | Killed Dowan
  5627 | D:5      | XOM: divination: detect creatures
  5689 | D:5      | HP: 2/48 [poisoned by a water moccasin]
  5921 | D:5      | XOM: medium Divn miscast
  5941 | D:5      | Reached ** piety under Fedhas
  5996 | D:5      | Reached skill level 8 in Stealth
  6052 | D:5      | Noticed Blork the orc
  6058 | D:5      | Killed Blork the orc
  6355 | D:5      | XOM: give mutations
  6355 | D:5      | Gained mutation: You are clumsy. (Dex -2) [Xom's mischief]
  6355 | D:5      | Gained mutation: Your body sometimes deteriorates upon taking damage. [Xom's mischief]
  6355 | D:5      | Gained mutation: You are partially covered in thin metallic scales (AC +2). [Xom's mischief]
  6668 | D:6      | XOM: noise
  6882 | D:6      | XOM: mild Summ miscast
  6894 | D:6      | Gained mutation: You evolve. [mutagenic meat]
  6895 | D:6      | Gained mutation: You are frail (-10% HP). [mutagenic meat]
  6896 | D:6      | Gained mutation: You rapidly evolve. [mutagenic meat]
  6897 | D:6      | Gained mutation: You are very frail (-20% HP). [mutagenic meat]
  6950 | D:6      | XOM: medium Erth miscast
  7036 | D:6      | Gained mutation: One of your tentacles bears a spike. [evolution]
  7124 | D:6      | Reached skill level 9 in Stealth
  7124 | D:6      | Reached XP level 9. HP: 32/42 MP: 13/13
  7131 | D:6      | Reached *** piety under Fedhas
  7359 | D:6      | Found a white marble altar of Elyvilon.
  7363 | D:6      | Found a burning altar of Makhleb.
  7888 | D:7      | XOM: noise
  7937 | D:7      | XOM: mild Erth miscast
  8385 | D:7      | Noticed Joseph
  8471 | D:7      | XOM: mild Divn miscast
  8555 | D:7      | Killed Joseph
  8688 | D:7      | Reached skill level 10 in Stealth
  8849 | D:8      | Reached skill level 1 in Slings
  8909 | D:8      | XOM: harmless Conj miscast
  8916 | D:8      | Reached **** piety under Fedhas
  9128 | D:8      | Found a sand-covered staircase.
  9137 | D:8      | Reached skill level 5 in Invocations
  9140 | Ossuary  | Entered an ossuary
  9150 | Ossuary  | Gained mutation: You possess an exceptional clarity of mind. [evolution]
  9159 | Ossuary  | XOM: harmless Chrm miscast
  9486 | Ossuary  | Reached XP level 10. HP: 24/46 MP: 15/15
  9588 | Ossuary  | XOM: mild Pois miscast
  9624 | Ossuary  | Reached skill level 11 in Stealth
  9878 | D:8      | XOM: medium Pois miscast
 10005 | D:8      | XOM: mild Chrm miscast
 10314 | D:8      | XOM: mild Divn miscast
 10408 | D:8      | Gained mutation: Your flesh is heat resistant. [evolution]
 10408 | D:8      | Lost mutation: You rapidly evolve. [end of evolution]
 10486 | D:8      | XOM: medium Ice miscast
 10881 | D:9      | Reached ***** piety under Fedhas
 10892 | D:9      | Found Meicryasi's Antique Armour Emporium.
 10954 | D:9      | Bought a slimy buckler for 266 gold pieces
 10959 | D:9      | Identified the +1 buckler of Veujyll {*Contam rN+++ Str+7} (You bought it in a shop on level 9 of the Dungeon)
 10971 | D:9      | Found a staircase to the Orcish Mines.
 11123 | D:9      | XOM: medium Erth miscast
 11123 | D:9      | Killed by the capriciousness of Xom

Vault maps used:
D:1:      sevenhm_arrival_forest_fort_large_2, hangedman_glass_teeth,
          minmay_misc_feat_tower, moated_statue
D:2:      serial_glass, glass_columns_b, glass_columns_a,
          kennysheep_generic_room_3
D:3:      first_bread, corexii_shack
D:4:      lemuel_temple_firewalk_marked, fedhas_altar_2
D:5:      gup_sewer_entry_pipe, uniq_eustachio, uniq_blork_the_orc, uniq_duvessa
D:6:      minitemple, minmay_tree_intersection, minmay_misc_feat_rows
D:7:      uniq_joseph
D:8:      nicolae_ossuary_entry_catacombs
D:9:      grunt_temple_overflow_gold_and_silver, zombieorc2_lemuel,
          serial_shops, shop
Temple:   lightli_temple_of_artemis
Sewer:    sewer_minmay_treatment
Ossuary:  ossuary_minmay_four_chambers

Action                   |  1- 3 |  4- 6 |  7- 9 | 10-12 || total
-------------------------+-------+-------+-------+-------++-------
Melee: Short sword       |    37 |       |     1 |     8 ||    46
       Whip              |    28 |   120 |   355 |   157 ||   660
Invok: Evolution         |       |       |     6 |     4 ||    10
       Sunlight          |       |       |     6 |       ||     6
Evoke: Wand              |     4 |    15 |    20 |       ||    39
  Use: Potion            |       |       |    11 |     7 ||    18
       Scroll            |       |       |     6 |       ||     6
 Stab: Sleeping          |     8 |    13 |    26 |     8 ||    55
       Invisible         |       |       |       |     9 ||     9
  Eat: Chunk             |     1 |     1 |     6 |       ||     8
       Meat ration       |       |     1 |     2 |       ||     3
       Bread ration      |       |       |     3 |     1 ||     4
       Beef jerky        |       |       |       |     1 ||     1
